 Dungeon Crawl Stone Soup version 0.27-a0-520-gb83adbd1c9 (webtiles) character file.

Game seed: 11137652288659606784

78038 Froggeryz the Brawler (level 15, 0/80 HPs)
             Began as a Vine Stalker Berserker on Mar 4, 2021.
             Was the Champion of Trog.
             Killed by divine providence
             ... invoked by an orc priest
              (13 damage)
             ... on level 1 of the Orcish Mines.
             The game lasted 00:30:32 (18806 turns).

Froggeryz the Brawler (Vine Stalker Berserker)     Turns: 18806, Time: 00:30:33

Health: 0/80       AC: 22    Str: 27    XL:     15   Next: 58%
Magic:  0/16       EV: 14    Int:  7    God:    Trog [******]
Gold:   1574       SH: 13    Dex: 16    Spells: 14/14 levels left

rFire    + + .     SeeInvis +     - Unarmed
rCold    + + .     Faith    .   F - +2 buckler {rF+}
rNeg     . . .     Spirit   +   E - +3 scale mail
rPois    .         Reflect  +   O - +1 helmet {SInv}
rElec    .         Harm     .   d - scarf {rC+ rF+}
rCorr    .         Rampage  .   S - +2 pair of gloves {Str+3}
Will     +....                  Q - +1 pair of boots {Fly}
Stlth    ..........             L - amulet of reflection
HPRegen  1.23/turn              f - +4 ring of protection
MPRegen  0.15/turn              I - ring of protection from cold

@: no status effects
A: fangs 3, regeneration 1, magic shield, antimagic bite, no potion heal 3
a: Renounce Religion, Evoke Flight, Berserk, Trog's Hand, Brothers in Arms


You were on level 1 of the Orcish Mines.
You worshipped Trog.
Trog was exalted by your worship.
You visited 3 branches of the dungeon, and saw 18 of its levels.
You also visited: Ossuary.

You collected 2690 gold pieces.
You spent 1116 gold pieces at shops.

Inventory:

Missiles
 l - 5 curare-tipped darts (quivered)
Armour
 d - a scarf of resistance (worn)
 s - a +3 plate armour of fire resistance
 E - a +3 scale mail (worn)
 F - a +2 buckler of fire resistance (worn)
 K - a +2 kite shield of protection
 O - a +1 helmet of see invisible (worn)
 Q - a +1 pair of boots of flying (worn)
 S - a +2 pair of gloves of strength (worn)
Jewellery
 f - a +4 ring of protection (left hand)
 k - a ring of resist corrosion
 n - a ring of protection from fire
 x - the ring "Ohadib" {Fire +Blink +Fly Int+6}
   (You found it on level 5 of the Lair of Beasts)

   [ring of fire]

   It enhances your fire magic.
   It affects your intelligence (+6).
   It protects you from fire.
   It makes you vulnerable to cold.
   It lets you fly.
   It lets you blink.
 y - a ring of ice
 B - a ring of poison resistance
 I - a ring of protection from cold (right hand)
 L - an amulet of reflection (around neck)
 R - an amulet of regeneration
Wands
 c - a wand of iceblast (6)
 t - a wand of polymorph (24)
 H - a wand of acid (16)
 J - a wand of digging (9)
Scrolls
 a - a scroll of magic mapping
 i - 3 scrolls of fog
 j - 5 scrolls of enchant armour
 p - a scroll of blinking
 r - a scroll of random uselessness {unknown}
 z - 13 scrolls of identify
 P - 3 scrolls of teleportation
Potions
 b - a potion of magic {unknown}
 e - 5 potions of attraction
 h - 4 potions of haste
 m - 5 potions of lignification
 o - 2 potions of mutation
 q - 5 potions of curing
 u - 5 potions of might
 v - 3 potions of flight
 w - a potion of cancellation
 A - 2 potions of berserk rage {unknown}
 C - 2 potions of heal wounds {unknown}
 D - 3 potions of brilliance {unknown}
 G - a potion of invisibility {unknown}
 N - a potion of resistance
Miscellaneous
 g - a condenser vane (inert)


   Skills:
 - Level 10.0 Fighting
 - Level 7.2 Armour
 - Level 5.5 Dodging
 + Level 8.0 Shields
 - Level 20.0 Unarmed Combat


You had 14 spell levels left.
You didn't know any spells.
Your spell library contained the following spells:

 Spells                   Type           Power        Failure   Level
 Static Discharge         Conj/Air       0%           96%         3
 Lightning Bolt           Conj/Air       0%           100%        5
 Ignition                 Fire           0%           100%        8
 Shatter                  Erth           0%           100%        9
 Tornado                  Air            0%           100%        9


Dungeon Overview and Level Annotations

Branches:
Dungeon (10/15)            Temple (0/1) D:5            Lair (6/6) D:9
  Swamp (0/4) Lair:3       Spider (0/4) Lair:2        Slime (0/5) Lair:6
    Orc (2/2) D:10            Elf (0/3) Orc:2       Ossuary (visited)

Altars:
Cheibriados
Fedhas
Makhleb
Ru
The Shining One
Beogh
Jiyva

Shops:
D:8 [[[[   Orc:2 *[(=


Innate Abilities, Weirdness & Mutations

You have razor-sharp teeth.
Your natural rate of healing is unusually fast.
When hurt, damage is shared between your health and your magic reserves.
Your bite disrupts and absorbs the magic of your enemies.
Potions cannot restore your health.


Message History

The orc high priest hits you but does no damage.
The orc priest calls upon Beogh to heal the orc high priest.
The orc high priest's wounds heal themselves!
Unknown command.
The orc priest calls down the wrath of Beogh upon the smoke demon.
Beogh smites you! The smoke demon gestures at you. The sticky flame misses you.
You hear a shout!
The orc priest invokes the aid of Beogh against you.
Beogh smites you!
Things that are here:
a +0 flail; a +0 ring mail; an orc corpse The orc priest invokes the aid of Beogh against you.
You easily resist.
An orc priest comes into view. It is wielding a +0 hand axe.
The orc high priest mumbles some strange prayers to Beogh against you.
Beogh smites you!
* * * LOW HITPOINT WARNING * * *
Clouds of poison gas condense around you!
The condenser dries out!
The orc priest is engulfed in poison gas.
The orc priest is poisoned.
The orc is engulfed in poison gas.
The orc is poisoned.
The orc priest is engulfed in poison gas.
The orc priest is poisoned.
The orc high priest is engulfed in poison gas.
The orc high priest is poisoned.
The orc high priest mumbles some strange prayers to Beogh against you.
Beogh smites you!
* * * LOW HITPOINT WARNING * * *
An orc high priest comes into view. It is wielding a +0 war axe.
The orc is engulfed in poison gas.
The orc is poisoned.
You kill the orc!
Trog accepts your kill.
The orc priest is engulfed in poison gas.
The orc priest is poisoned.
The orc priest calls down the wrath of Beogh upon you.
Beogh smites you!
You die...

..#.#......## ###.....###.
..##........# ### #.##.....##
...#.....#.## #.### ###......#.
.......#.### ####...# ##.......
...o..##...###.#..#### ##......
>.oo.#....§§o§§)...#.# ###.....
.#oo..)...§§oo§......#####.......
###o.[8...§§8§4§.....#..##.......
#....[)§§§o§o3@.......##.......
######'§o########..............
..........$ #..............
.....$...... ##........##.#.
..#..#..#..8 ##........#####
............ #............##
...o......... #.....#......#.
.#..#######.. #.....#........
#.....#........


You could see 2 orc high priests, a smoke demon (summoned), a red devil
(summoned), 3 orc priests and an orc (poisoned).

Vanquished Creatures
  An orc warlord (Orc:2)
  The ghost of Ustalix the Cleaver, a journeyman MiBe of Trog (D:10)
  An ice dragon (Lair:6)
  9 hydras
  2 catoblepae (Lair:6)
  4 two-headed ogres
  10 death yaks
  5 orc high priests
  5 orc knights
  An ugly thing (D:8)
  5 lindwurms
  6 orc sorcerers
  2 manticores (Lair:6)
  15 elephants
  A centaur zombie (D:10)
  7 black mambas
  11 torpor snails
  14 cane toads
  7 rime drakes
  8 komodo dragons
  6 trolls
  2 polar bears (Lair:5)
  3 jumping spiders (Lair:2)
  4 tyrant leeches (Lair:6)
  8 hornets
  16 blink frogs
  Grinder (D:4)
  12 dream sheep (Lair:6)
  Sigmund (D:2)
  A dire elephant simulacrum (Lair:5)
  4 basilisks
  4 wyverns
  33 yaks
  Menkaure (D:4)
  A death yak simulacrum (Lair:5)
  4 wargs
  10 water moccasins
  2 hydra simulacra (Lair:5)
  Duvessa (D:5)
  2 ice beasts
  41 orc warriors
  2 black bears (D:10)
  2 sky beasts
  13 wolves
  8 ogres
  7 centaurs
  A phantom (D:10)
  2 elf zombies (Ossuary)
  18 bullfrogs
  Dowan (D:5)
  A wyvern zombie (D:10)
  5 scorpions
  5 howler monkeys
  5 wights
  5 electric eels
  A centaur skeleton (D:7)
  22 orc priests
  12 hounds
  A human zombie (Ossuary)
  A quasit (D:9)
  Crazy Yiuf (D:5)
  A bullfrog skeleton (D:5)
  2 iguanas
  24 orc wizards
  8 worker ants
  A yak simulacrum (Lair:5)
  A black bear simulacrum (Lair:5)
  2 hound zombies (Ossuary)
  A hound skeleton (D:4)
  5 mummies
  A worker ant zombie (D:10)
  Robin (D:4)
  11 adders
  16 gnolls
  2 shadow imps
  4 white imps
  2 ufetubi
  An adder zombie (Ossuary)
  4 worms
  2 dart slugs
  8 leopard geckos
  74 orcs
  2 ball pythons
  3 giant cockroaches
  A gnoll zombie (Ossuary)
  15 goblins
  13 hobgoblins
  9 jackals
  7 kobolds
  6 quokkas
  6 bats
  8 frilled lizards
  5 goblin zombies
  7 hobgoblin zombies
  A jackal zombie (Ossuary)
  2 kobold zombies (D:4)
  2 orc zombies
  2 quokka skeletons
  11 rats
  2 rat zombies (Ossuary)
658 creatures vanquished.

Vanquished Creatures (others)
  An orc priest (D:10)
  An orc wizard (Orc:2)
  43 fungi
  46 plants
91 creatures vanquished.

Grand Total: 749 creatures vanquished

Notes
Turn   | Place    | Note
-------+----------+-------------------------------------------
     0 | D:1      | Froggeryz the Vine Stalker Berserker began the quest for
                  | the Orb.
     0 | D:1      | Reached XP level 1. HP: 11/11 MP: 2/2
   672 | D:1      | Reached XP level 2. HP: 16/16 MP: 3/3
  1107 | D:1      | Reached skill level 4 in Unarmed Combat
  1226 | D:1      | Reached XP level 3. HP: 12/19 MP: 2/4
  2182 | D:2      | Noticed Sigmund
  2188 | D:2      | Killed Sigmund
  2189 | D:2      | Reached skill level 5 in Unarmed Combat
  2189 | D:2      | Gained mutation: Your natural rate of healing is unusually
                  | fast. [Vine Stalker growth]
  2189 | D:2      | Reached XP level 4. HP: 23/23 MP: 5/5
  2189 | D:2      | Reached XP level 5. HP: 27/27 MP: 6/6
  2321 | D:2      | Reached ** piety under Trog
  2648 | D:3      | Found a sacrificial altar of Ru.
  2729 | D:3      | Reached XP level 6. HP: 32/32 MP: 7/7
  2878 | D:3      | Found a blossoming altar of Fedhas.
  2938 | D:3      | Reached skill level 6 in Unarmed Combat
  3746 | D:4      | Noticed Robin
  3753 | D:4      | Killed Robin
  3753 | D:4      | Reached *** piety under Trog
  3880 | D:4      | Noticed Menkaure
  3887 | D:4      | Killed Menkaure
  3888 | D:4      | Reached XP level 7. HP: 25/36 MP: 5/8
  3987 | D:4      | Reached skill level 7 in Unarmed Combat
  4064 | D:4      | Found a glowing golden altar of the Shining One.
  4077 | D:4      | Reached **** piety under Trog
  4361 | D:4      | Noticed Grinder
  4364 | D:4      | Paralysed by Grinder for 3 turns
  4370 | D:4      | Killed Grinder
  4371 | D:4      | Reached skill level 8 in Unarmed Combat
  4371 | D:4      | Gained mutation: You have razor-sharp teeth. [Vine Stalker
                  | growth]
  4371 | D:4      | Reached XP level 8. HP: 42/42 MP: 9/9
  4730 | D:5      | Entered Level 5 of the Dungeon
  4782 | D:5      | Noticed Dowan
  4791 | D:5      | Noticed Duvessa
  4799 | D:5      | Killed Duvessa
  4804 | D:5      | Killed Dowan
  4834 | D:5      | Found a sand-covered staircase.
  4843 | Ossuary  | Entered an ossuary
  4890 | Ossuary  | Reached skill level 9 in Unarmed Combat
  4940 | Ossuary  | Reached skill level 5 in Fighting
  5221 | D:5      | Found a staircase to the Ecumenical Temple.
  5332 | D:5      | Reached XP level 9. HP: 45/47 MP: 8/10
  5472 | D:5      | Reached skill level 10 in Unarmed Combat
  5602 | D:5      | Found a runed translucent door.
  5603 | D:5      | Noticed Crazy Yiuf
  5672 | D:5      | Reached ***** piety under Trog
  5921 | D:5      | Killed Crazy Yiuf
  6588 | D:6      | Reached skill level 11 in Unarmed Combat
  7819 | D:8      | Found Vagentul's Antique Armour Boutique.
  7830 | D:8      | Reached XP level 10. HP: 49/55 MP: 9/11
  7843 | D:8      | Bought a runed scale mail for 161 gold pieces
  7875 | D:8      | Found Funnaj's Antique Armour Shoppe.
  7891 | D:8      | Found Povyati's Antique Armour Emporium.
  7897 | D:8      | Noticed a red ugly thing
  7905 | D:8      | Killed a red ugly thing
  7906 | D:8      | Reached skill level 12 in Unarmed Combat
  8118 | D:8      | Identified the +7 rapier of Departure {vorpal, Dex+3} (Trog
                  | gifted it to you on level 8 of the Dungeon)
  8118 | D:8      | Received a gift from Trog
  8308 | D:8      | Found Afallurgh's Armour Emporium.
  8313 | D:8      | Bought a +2 buckler of fire resistance for 279 gold pieces
  8663 | D:9      | Found a burning altar of Makhleb.
  8727 | D:9      | Found a staircase to the Lair.
  8817 | D:9      | Noticed a two-headed ogre
  8823 | D:9      | Killed a two-headed ogre
  8930 | Lair:1   | Entered Level 1 of the Lair of Beasts
  8983 | Lair:1   | Noticed a cane toad
  8992 | Lair:1   | Killed a cane toad
  8993 | Lair:1   | Reached skill level 5 in Shields
  9030 | Lair:1   | Reached XP level 11. HP: 44/58 MP: 12/12
  9166 | Lair:1   | Noticed an eight-headed hydra
  9175 | Lair:1   | Killed an eight-headed hydra
  9858 | Lair:1   | Reached skill level 13 in Unarmed Combat
 10202 | Lair:2   | Found a snail-covered altar of Cheibriados.
 10495 | Lair:2   | Reached skill level 14 in Unarmed Combat
 10559 | Lair:2   | Reached XP level 12. HP: 67/67 MP: 13/13
 10793 | Lair:2   | Found a hole to the Spider Nest.
 10806 | Lair:2   | Reached skill level 10 in Fighting
 11077 | Lair:3   | Reached skill level 15 in Unarmed Combat
 11333 | Lair:3   | Noticed a five-headed hydra
 11339 | Lair:3   | Killed a five-headed hydra
 11493 | Lair:3   | Noticed a four-headed hydra
 11502 | Lair:3   | Killed a four-headed hydra
 11702 | Lair:3   | Found a staircase to the Swamp.
 12047 | Lair:4   | Reached XP level 13. HP: 58/72 MP: 9/14
 12097 | Lair:4   | Reached skill level 5 in Armour
 12133 | Lair:4   | Reached skill level 16 in Unarmed Combat
 12137 | Lair:4   | Received a gift from Trog
 12943 | Lair:4   | Identified the +3 short sword of Beastly Subterfuge
                  | {vorpal, +Fly rPois rF+}
 13212 | Lair:5   | Identified the ring "Ohadib" {Fire +Blink +Fly Int+6}
 13266 | Lair:5   | Found a transporter.
 13357 | Lair:5   | Found a transporter.
 13555 | Lair:5   | You fall into a shaft and drop 1 floor!
 13555 | Lair:6   | Entered Level 6 of the Lair of Beasts
 13592 | Lair:6   | Reached skill level 17 in Unarmed Combat
 14037 | Lair:5   | Identified the +6 war axe of Purpose {flame, rC+ Dex+4}
 14148 | Lair:6   | Found a staircase to the Slime Pits.
 14148 | Lair:6   | Found a viscous altar of Jiyva.
 14275 | Lair:6   | Received a gift from Trog
 14284 | Lair:6   | Reached XP level 14. HP: 73/77 MP: 15/15
 14442 | Lair:6   | Reached skill level 18 in Unarmed Combat
 15586 | Lair:6   | Found a runed translucent door.
 15631 | Lair:6   | Reached skill level 5 in Dodging
 15812 | Lair:6   | Reached skill level 19 in Unarmed Combat
 16149 | D:10     | Entered Level 10 of the Dungeon
 16469 | D:10     | Found a staircase to the Orcish Mines.
 16509 | D:10     | Found a runed translucent gate.
 16509 | D:10     | Found a runed translucent gate.
 16509 | D:10     | Found a runed translucent gate.
 16512 | D:10     | Noticed Ustalix's ghost (journeyman MiBe)
 16527 | D:10     | Reached XP level 15. HP: 80/80 MP: 16/16
 16540 | D:10     | Killed Ustalix's ghost
 16977 | Orc:1    | Entered Level 1 of the Orcish Mines
 17019 | Orc:2    | Entered Level 2 of the Orcish Mines
 17038 | Orc:2    | Found Dutu's Jewellery Shoppe.
 17038 | Orc:2    | Noticed an orc warlord
 17118 | Orc:1    | Received a gift from Trog
 17192 | Orc:2    | Killed an orc warlord
 17271 | Orc:2    | Found Iluluh's Antique Weapon Emporium.
 17619 | Orc:1    | Reached ****** piety under Trog
 17895 | Orc:2    | Paralysed by an orc sorcerer for 2 turns
 18110 | Orc:2    | Found Coesk's Antique Armour Boutique.
 18116 | Orc:2    | Paralysed by an orc sorcerer for 4 turns
 18161 | Orc:2    | Found a staircase to the Elven Halls.
 18230 | Orc:2    | Found Ucacous's General Store.
 18304 | Orc:2    | Bought a scroll of acquirement for 676 gold pieces
 18304 | Orc:2    | Acquired a +2 pair of gloves of strength
 18452 | Orc:2    | Received a gift from Trog
 18774 | Orc:1    | Reached skill level 20 in Unarmed Combat
 18806 | Orc:1    | Killed from afar by an orc priest

Illustrated notes

Levels and vault maps discovered:
D:1:      evilmike_arrival_rings, layout_loops_cross
D:2:      layout_loops_corners, uniq_sigmund
D:3:      layout_basic, nicolae_ru_awakened_eye, serial_aquarium,
          aquarium_bridge_square [aquarium_subvault_window,
          aquarium_subvault_wall, aquarium_subvault_bridge,
          aquarium_subvault_bridge], aquarium_window_corner, aquarium_window_1,
          aquarium_window_fake, aquarium_window_corner, aquarium_view_2b,
          fedhas_altar_1
D:4:      layout_loops_ring, nicolae_tso_besieged_by_evil, uniq_menkaure,
          uniq_robin, uniq_grinder
D:5:      layout_basic, minmay_temple_entry_waves, nicolae_ossuary_entry_giza,
          uniq_duvessa, uniq_crazy_yiuf_cottage
D:6:      layout_loops_ring
D:7:      layout_layer_cave, grunt_ministairs_7
D:8:      layout_basic, serial_shops, shop, shop, kennysheep_mini_moat, shop,
          minmay_misc_feat_alley, david_defended_altar_orc
D:9:      layout_cave_pools, lair_entry_dummy, makhleb_heckhound_becter
D:10:     layout_irregular_city, orc_0_dummy, biasface_ghost_orc_armoury,
          lemuel_flamethrower_2
Lair:1:   layout_chaotic_city, chequers_serial_rivers_small_3
Lair:2:   layout_chaotic_city, spider_nest_entry_a, kennysheep_snail_temple,
          grunt_megastairs_5
Lair:3:   layout_misc_corridors, minmay_swamp_entry_eels, st_stairs_3,
          cheibrodos_lair_reptile_den
Lair:4:   layout_layer_cave, serial_bayou_shore_a
Lair:5:   gammafunk_cloud_chamber, layout_regular_city,
          infiniplex_staircase_pool_2, serial_bayou_shore_b
Lair:6:   hangedman_lair_in_review, layout_gridlike, wormcave, slime_altar_1
Orc:1:    layout_diamond_mine, basic_altar, minmay_orc_temple_c
Orc:2:    grunt_orc_gardens, layout_caves, grunt_orc_garden, grunt_orc_garden,
          grunt_orc_garden, grunt_orc_garden, minmay_orc_keep

Skill      XL: |  1  2  3  4  5  6  7  8  9 10 11 12 13 14 15 |
---------------+----------------------------------------------+-----
Unarmed Combat | 4 5 6 8 9 11 12 14 15 17 19 20 | 20.0
Armour         | 2 3 4 7 |  7.2
Fighting       | 3 4 5 7 9 10 | 10.0
Shields        | 6 8 |  8.0
Dodging        | 5 |  5.5

Action                   |  1- 3 |  4- 6 |  7- 9 | 10-12 | 13-15 || total
-------------------------+-------+-------+-------+-------+-------++-------
Melee: Unarmed           |    92 |   132 |   378 |   509 |  1068 ||  2179
       Bite              |    28 |    33 |   117 |   191 |   445 ||   814
       Punch             |     2 |     5 |    20 |     3 |       ||    30
Invok: Berserk           |     1 |     2 |     3 |     7 |     4 ||    17
       Trog's Hand       |       |       |       |       |     5 ||     5
 Abil: Stop Flying       |       |       |       |       |     1 ||     1
Evoke: Wand              |       |       |       |     2 |       ||     2
       Condenser vane    |       |       |       |       |     1 ||     1
  Use: Scroll            |       |       |    16 |       |     7 ||    23
       Potion            |       |       |       |       |     1 ||     1
 Stab: Sleeping          |     1 |       |       |       |       ||     1
       Petrified         |       |       |       |       |     8 ||     8
       Petrifying        |       |       |       |       |     2 ||     2
Armor: Animal skin       |     9 |       |       |       |       ||     9
       Scale mail        |    19 |    42 |   198 |   186 |   380 ||   825
Dodge: Dodged            |    44 |    48 |   199 |   160 |   410 ||   861
Block: Buckler           |       |       |       |    99 |   600 ||   699
       Reflection        |       |       |       |       |    12 ||    12

Table legend: (Time is in decaauts)
 A = Elapsed time spent in this place.
 B = Non-inter-level travel time spent in this place.
 C = Inter-level travel time spent in this place.
 D = Time resting spent in this place.
 E = Time spent auto-exploring this place.
 F = Levels seen in this place.
 G = Mean time per level.
                   A        B        C        D        E       F      G
               +--------+--------+--------+--------+--------+-----+--------+
         Total |  18474 |  17688 |    786 |   1480 |  12307 |  19 |  972.3 |
       Dungeon |   9466 |   9168 |    298 |    785 |   6834 |  10 |  946.6 |
          Lair |   7019 |   6588 |    431 |    487 |   4535 |   6 | 1169.8 |
  Orcish Mines |   1724 |   1668 |     56 |    207 |    840 |   2 |  862.0 |
       Ossuary |    262 |    262 |      0 |      0 |     96 |   1 |  262.0 |
               +--------+--------+--------+--------+--------+-----+--------+

Top non-repeatable levels by time:
  Lair:6: 1881 daAuts
     D:1: 1575 daAuts
  Lair:4: 1343 daAuts
     D:7: 1154 daAuts
     D:3: 1150 daAuts
     D:2: 1071 daAuts
  Lair:2: 1066 daAuts
  Lair:1: 1065 daAuts
   Orc:2: 986 daAuts
     D:5: 949 daAuts
     D:4: 943 daAuts
  Lair:5: 888 daAuts
    D:10: 788 daAuts
  Lair:3: 773 daAuts
   Orc:1: 738 daAuts
